 Dungeon Crawl Stone Soup version 0.30.0-16-gbe6223bb7e (webtiles) character file.

Game seed: 9235357537581658266

70 wolfgangpup the Chopper (level 4, -9/41 HPs)
             Began as a Minotaur Chaos Knight on May 20, 2023.
             Mangled by a red devil
             ... wielding a +0 demon trident of electrocution
             ... summoned by Xom
              (12 damage)
             ... on level 2 of the Dungeon.
             The game lasted 00:01:21 (948 turns).

wolfgangpup the Chopper (Minotaur Chaos Knight)      Turns: 948, Time: 00:01:21

Health: -9/41      AC:  6    Str: 22      XL:     4   Next: 3%
Magic:  3/3        EV: 11    Int: 11 (12) God:
Gold:   75         SH:  0    Dex:  6 (7)  Spells: 3/3 levels left

rFire   + . .        a - +0 hand axe (chaos)
rCold   . . .        (no shield)
rNeg    . . .        b - +2 leather armour
rPois   .            (helmet restricted)
rElec   .            (no cloak)
rCorr   .            (no gloves)
SInv    .            m - +0 pair of boots
Will    .....        (no amulet)
Stlth   +            (no ring)
HPRegen 0.26/turn    (no ring)
MPRegen 0.08/turn

%: no passive effects
@: spiked
A: horns 2, retaliatory headbutt, clever 1, deterioration 1, fire resistance 1,
strong 1
a: no special abilities


You were on level 2 of the Dungeon.
You visited 1 branch of the dungeon, and saw 2 of its levels.

You collected 75 gold pieces.

Inventory:

Hand Weapons
 a - a +0 hand axe of chaos (weapon)
Missiles
 i - 5 curare-tipped darts
Armour
 b - a +2 leather armour (worn)
 m - a +0 pair of boots (worn)
Scrolls
 d - a scroll of poison {unknown}
 e - a scroll of immolation {unknown}
 k - 2 scrolls of identify {unknown}
 l - a scroll of brand weapon {unknown}
 n - a scroll of butterflies {unknown}
 p - a scroll of teleportation {unknown}
Potions
 f - a potion of ambrosia {unknown}
 g - a potion of heal wounds {unknown}
 h - 2 potions of mutation {unknown}
 j - 2 potions of curing {unknown}
 o - a potion of brilliance {unknown}
Miscellaneous
 c - a piece from Xom's chessboard (15/15) (quivered)


   Skills:
 + Level 4.6 Fighting
 + Level 4.9 Axes
 + Level 2.9 Armour
 + Level 1.2 Dodging


You had 3 spell levels left.
You didn't know any spells.
Your spell library contained the following spells:

 Spells                   Type           Power      Damage    Failure   Level
 Blink                    Tloc           0%         N/A       52%         2
 Lesser Beckoning         Tloc           0%         N/A       52%         2
 Momentum Strike          Conj/Tloc      0%         3d8       52%         2


Dungeon Overview and Level Annotations

Branches:
Dungeon (2/15)

Altars:
Cheibriados

Shops:
D:2 ?


Innate Abilities, Weirdness & Mutations

You have a pair of horns on your head.
You reflexively headbutt those who attack you in melee.
Your mind is acute. (Int +4, Str/Dex -1)
Your body sometimes deteriorates upon taking damage.
Your flesh is heat resistant. (rF+)
Your muscles are strong. (Str +4, Int/Dex -1)


Message History

A ball python is nearby!
You hit the ball python.
You kill the ball python! "Fight to survive, mortal."
You barely miss the sun demon.
You headbutt the sun demon, but do no damage.
You hit the iron imp.
The iron imp resists with some effort.
You closely miss the red devil. You barely miss the iron imp.
The iron imp is lightly wounded.
You closely miss the sun demon. You hit the red devil but do no damage.
The sun demon hits you but does no damage.
The shadow imp summons a swarm of flies.
The crimson imp blinks!
The red devil hits you with a +0 demon trident of electrocution!
Your body deteriorates!
You feel dopey.
Barbed spikes become lodged in your body.
The orange demon stings you from afar!
You are too injured to fight recklessly!
You are too injured to fight recklessly!
You hit the ice devil but do no damage.
The ice devil resists with almost no effort.
You miss the sun demon. You closely miss the quasit.
You closely miss the iron imp. You hit the red devil.
You hit the ynoxinul but do no damage. You closely miss the shadow imp.
You hit the ufetubus.
You kill the ufetubus!
The ufetubus degenerates into a cloud of primal chaos!
The iron imp barely misses you. You furiously retaliate!
You headbutt the iron imp, but do no damage.
The quasit barely misses you. You furiously retaliate!
You headbutt the quasit! The quasit claws you.
You feel clumsy. The quasit closely misses you.
The sun demon closely misses you. The ice devil barely misses you.
The shadow imp closely misses you.
The red devil hits you with a +0 demon trident of electrocution!
* * * LOW HITPOINT WARNING * * *
Barbed spikes become lodged in your body.
You are electrocuted!
You die...

#.......# #.......#
#.......# #5......#
#############...$...#
#.......##.....3....#
#............353ยง...# #
#........#..54@5....#
###........###.545....#
...............45.......
###........###$.......##
########.# #........#
### #.# #.....>..# ...
..# #........# ### ###
#........# #####
#........#


You could see a sun demon (summoned), an orange demon (summoned), an ice devil
(summoned), a smoke demon (summoned), a ynoxinul (summoned), a red devil
(summoned), an iron imp (summoned), a quasit (summoned), a crimson imp
(summoned), a white imp (summoned), 2 shadow imps and an ufetubus (summoned).

Vanquished Creatures
  3 adders (D:2)
  A worm (D:2)
  A dart slug (D:1)
  6 ball pythons
  7 endoplasms
  A giant cockroach (D:1)
  3 goblins
  4 hobgoblins
  2 jackals (D:1)
  A kobold (D:1)
  A quokka (D:1)
  2 bats (D:1)
  A frilled lizard (D:1)
  A rat (D:1)
34 creatures vanquished.

Notes
Turn   | Place    | Note
-------+----------+-------------------------------------------
     0 | D:1      | wolfgangpup the Minotaur Chaos Knight began the quest for
                  | the Orb.
     0 | D:1      | Reached XP level 1. HP: 19/19 MP: 0/0
     0 | D:1      | Fell from the grace of Xom
    46 | D:1      | XOM: chaos cloud
    50 | D:1      | Reached XP level 2. HP: 25/27 MP: 1/1
   408 | D:1      | XOM: give mutations
   408 | D:1      | Gained mutation: Your body sometimes deteriorates upon
                  | taking damage. [Xom's mischief]
   408 | D:1      | Gained mutation: Your muscles are strong. (Str +4, Int/Dex
                  | -1) [Xom's mischief]
   408 | D:1      | Gained mutation: Your mind is acute. (Int +4, Str/Dex -1)
                  | [Xom's mischief]
   408 | D:1      | Gained mutation: You are robust. (+10% HP) [Xom's mischief]
   498 | D:1      | XOM: noise
   610 | D:2      | Reached XP level 3. HP: 36/36 MP: 2/2
   618 | D:2      | Found a snail-covered altar of Cheibriados.
   747 | D:2      | Found The Oracle's Delphic Readings.
   815 | D:2      | Reached XP level 4. HP: 45/45 MP: 3/3
   884 | D:2      | XOM: give mutations
   884 | D:2      | Lost mutation: You are robust. (+10% HP) [Xom's mischief]
   884 | D:2      | Gained mutation: Your flesh is heat resistant. (rF+) [Xom's
                  | mischief]
   945 | D:2      | XOM: summons 14 hostile demons
   946 | D:2      | Noticed an orange demon
   946 | D:2      | Noticed a red devil
   946 | D:2      | Noticed a ynoxinul
   946 | D:2      | Noticed a smoke demon
   946 | D:2      | Noticed an ice devil
   946 | D:2      | Noticed a sun demon
   948 | D:2      | Mangled by a red devil

Illustrated notes

Levels and vault maps discovered:
D:1:      psy_arrival_spokes, layout_basic
D:2:      layout_basic, basic_altar, nrook_mini_backslash, eino_curves_03,
          nicolae_nh_oracle_at_delphi, uniq_natasha

Skill      XL: |  1  2 |
---------------+-------+-----
Axes           | 4 |  4.9
Fighting       | 4 |  4.6
Armour         | |  2.9
Dodging        | |  1.2

Action                     |  1- 3 |  4- 6 || total
---------------------------+-------+-------++-------
  Melee: Hand axe          |    63 |     5 ||    68
         Headbutt          |     5 |     1 ||     6
         Punch             |     1 |       ||     1
 Invoke: Renounce Religion |     1 |       ||     1
 Armour: Leather armour    |    22 |     1 ||    23
  Dodge: Dodged            |    42 |     6 ||    48
